 Dungeon Crawl Stone Soup version 0.16.0-7-ge91f220 (webtiles) character file.

573 Christof the Cutter (level 7, 0/44 HPs)
             Began as a Kobold Berserker on Mar 15, 2015.
             Was a Priest of Trog.
             Slain by a slave (5 damage)
             ... led by Pikel
             ... on level 5 of the Dungeon.
             The game lasted 00:20:23 (4024 turns).

Christof the Cutter (Kobold Berserker)              Turns: 4024, Time: 00:20:24

Health: 0/44       AC: 10    Str: 16    XL:     7   Next: 61%
Magic:  7/7        EV:  9    Int:  7    God:    Trog [***...]
Gold:   258        SH:  5    Dex: 15    Spells: 0 memorised, 6 levels left

rFire  . . .     SeeInvis .     m - +0 short sword (freeze)
rCold  . . .     Clarity  .     h - +1 chain mail
rNeg   . . .     SustAb   .     n - +0 buckler
rPois  .         Gourm    .     (no helmet)
rElec  .         Spirit   .     (no cloak)
rCorr  .         Warding  .     (no gloves)
rMut   .         Stasis   .     (no boots)
MR     .....                    (no amulet)
Stlth  ..........               (no ring)
                                (no ring)

@: not resistant to hostile enchantments, extremely unstealthy
A: carnivore 3
a: Burn Spellbooks, Berserk, Trog's Hand, Renounce Religion


You were on level 5 of the Dungeon.
You worshipped Trog.
Trog was most pleased with you.
You were very full.

You visited 1 branch of the dungeon, and saw 5 of its levels.

You collected 258 gold pieces.

Inventory:

Hand weapons
 a - a +0 short sword
 m - a +0 short sword of freezing (weapon)
Missiles
 w - 8 silver tomahawks (quivered)
Armour
 b - a +0 animal skin
 d - a +0 ring mail
 h - a +1 chain mail (worn)
 i - a +3 scale mail
 n - a +0 buckler (worn)
 u - a +0 leather armour
Jewellery
 k - an uncursed amulet of stasis
Magical devices
 l - a wand of random effects (21)
Scrolls
 e - 5 scrolls of identify
 y - a scroll of enchant armour
 z - a scroll of magic mapping
 A - a scroll of fog {unknown}
Potions
 g - a potion of invisibility {unknown}
 o - a potion of heal wounds {unknown}
 p - a potion of cancellation {unknown}
 q - a potion of ambrosia {unknown}
 r - 2 potions of curing {unknown}
 s - a potion of brilliance {unknown}
 t - a potion of might {unknown}
 v - a potion of cure mutation {unknown}
 x - a potion of restore abilities {unknown}
 B - a potion of degeneration {unknown}
Comestibles
 c - 2 meat rations
 f - a slice of pizza
 j - 2 beef jerkies


   Skills:
 + Level 5.1 Fighting
 * Level 6.4 Short Blades
 * Level 4.2 Armour
 - Level 2.5 Dodging
 * Level 1.9 Shields
 + Level 0.6 Evocations


You had 6 spell levels left.
You didn't know any spells.

Dungeon Overview and Level Annotations

Branches:
Dungeon (5/15)
 Temple: D:4-7

Altars:
Fedhas
Kikubaaqudgha
Zin

Annotations:
D:5 Eustachio, Pikel


Innate Abilities, Weirdness & Mutations

You are small and have problems with some larger weapons.
You are carnivorous and can eat meat at any time.


Message History

* * * LOW HITPOINT WARNING * * *
Pikel freezes you.
* * * LOW HITPOINT WARNING * * *
You block the jackal skeleton's attack. x2
You hit Pikel.
Pikel is moderately wounded.
The slave hits you but does no damage. The slave hits you.
* * * LOW HITPOINT WARNING * * *
The jackal skeleton bites you but does no damage. x2
Pikel hits you but does no damage.
You closely miss Pikel.
Pikel is moderately wounded.
The slave barely misses you. The slave hits you but does no damage.
The jackal skeleton bites you but does no damage. x2
You hit Pikel but do no damage.
Pikel is moderately wounded.
Pikel barely misses you.
The jackal skeleton bites you but does no damage.
The slave hits you.
You die...

####.....)...###.#..
###......###.....#.....
............(.......#).
............([.......[..
.........###.<........#
.........##...........#.
.........#..###...#..#..
###..####..####Z..#.....#
#### #..# #.5p@.......#
#.####.#KZp##....#
#.#.....pp.#.......
#..........).....
#................
#...............
#.........$........
....#......###....###
..#........# ..###


You could see Pikel, 4 slaves, a crimson imp and 2 jackal skeletons.

Vanquished Creatures
  A centaur (D:5)
  Duvessa (D:5)
  Blork the orc (D:4)
  Dowan (D:5)
  2 worker ants
  Natasha (thrice) (D:4)
  An iguana (D:4)
  2 hound skeletons (D:5)
  7 adders
  3 worms
  An ooze (D:1)
  9 orcs
  2 ball pythons (D:3)
  A bat skeleton (D:5)
  2 bat zombies (D:3)
  5 giant cockroaches
  8 hobgoblins
  9 jackals
  7 kobolds
  14 bats
  2 giant geckos
  A giant gecko skeleton (D:4)
  3 giant newts (D:1)
  8 goblins
  5 rats
  A rat zombie (D:3)
100 creatures vanquished.

Vanquished Creatures (others)
  5 toadstools (D:1)
5 creatures vanquished.

Grand Total: 105 creatures vanquished

Notes
Turn   | Place    | Note
--------------------------------------------------------------
     0 | D:1      | Christof, the Kobold Berserker, began the quest for the Orb.
     0 | D:1      | Reached XP level 1. HP: 14/14 MP: 1/1
   214 | D:1      | Reached XP level 2. HP: 16/19 MP: 2/2
   609 | D:1      | Reached XP level 3. HP: 18/24 MP: 3/3
  1015 | D:2      | Acquired Trog's second power
  1331 | D:2      | Found a blossoming altar of Fedhas.
  1343 | D:2      | Reached XP level 4. HP: 26/29 MP: 4/4
  2039 | D:3      | Reached XP level 5. HP: 34/34 MP: 5/5
  2048 | D:3      | Found an ancient bone altar of Kikubaaqudgha.
  2120 | D:3      | Reached skill level 5 in Short Blades
  2137 | D:3      | Noticed an angel
  2138 | D:3      | Found a glowing silver altar of Zin.
  2515 | D:4      | Noticed Natasha
  2527 | D:4      | Killed Natasha
  2668 | D:4      | Noticed Natasha
  2672 | D:4      | Killed Natasha
  2685 | D:4      | Noticed Blork the orc
  2706 | D:3      | Reached skill level 1 in Shields
  2739 | D:4      | Killed Blork the orc
  2739 | D:4      | Reached XP level 6. HP: 24/39 MP: 6/6
  3558 | D:4      | Noticed Natasha
  3561 | D:4      | Killed Natasha
  3677 | D:4      | Reached skill level 5 in Fighting
  3770 | D:5      | Entered Level 5 of the Dungeon
  3810 | D:5      | Reached XP level 7. HP: 42/44 MP: 7/7
  3841 | D:5      | Noticed Dowan
  3842 | D:5      | Noticed Duvessa
  3846 | D:5      | Noticed Eustachio
  3868 | D:5      | Killed Dowan
  3874 | D:5      | Killed Duvessa
  3874 | D:5      | Reached skill level 6 in Short Blades
  3994 | D:5      | Noticed a slave
  3994 | D:5      | Noticed a slave
  3996 | D:5      | Noticed Pikel
  3998 | D:5      | Noticed a slave
  3998 | D:5      | Noticed a slave
  4024 | D:5      | Slain by a slave

Action                   |  1- 3 |  4- 6 |  7- 9 || total
-------------------------+-------+-------+-------++-------
Melee: Short sword       |    89 |   222 |    44 ||   355
Evoke: Wand              |       |       |    11 ||    11
  Use: Scroll            |       |     6 |       ||     6
  Eat: Chunk             |     9 |     9 |       ||    18
